 Dungeon Crawl Stone Soup version 0.21.0-24-g2553a33 (webtiles) character file.

118 tidbits the Shooter (level 5, 0/43 HPs)
             Began as a Gnoll Wanderer on Jan 19, 2018.
             Slain by an orc
             ... wielding a +0 hand axe
              (1 damage)
             ... on level 5 of the Dungeon.
             The game lasted 00:05:34 (564 turns).

tidbits the Shooter (Gnoll Wanderer)                 Turns: 564, Time: 00:05:34

Health: 0/43       AC:  4    Str: 13    XL:     5   Next: 2%
Magic:  7/7        EV: 13    Int: 16    God:
Gold:   42         SH:  0    Dex: 15    Spells: 6/6 levels left

rFire    . . .     SeeInvis .   e - +1 hand axe (elec)
rCold    . . .     Gourm    .   (no shield)
rNeg     . . .     Faith    .   B - +0 robe
rPois    .         Spirit   .   (no helmet)
rElec    .         Reflect  .   C - +1 cloak
rCorr    .         Harm     .   (no gloves)
MR       .....                  (no boots)
Stlth    ++........             (no amulet)
HPRegen  0.14/turn              W - ring of wizardry
MPRegen  0.10/turn              (no ring)

@: no status effects
A: distributed training, fangs 1, strong nose
a: no special abilities


You were on level 5 of the Dungeon.
You were very full.

You visited 1 branch of the dungeon, and saw 5 of its levels.

You collected 42 gold pieces.

Inventory:

Hand Weapons
 a - a +2 shortbow
 b - a +0 short sword of draining
   (You took it off a kobold on level 2 of the Dungeon)
 c - a +0 spear
 d - a +2 quarterstaff of chaos
   (You took it off Crazy Yiuf on level 3 of the Dungeon)
 e - a +1 hand axe of electrocution (weapon)
   (You took it off an orc on level 3 of the Dungeon)
 i - a +3 whip
Missiles
 g - 4 arrows
 j - 39 stones (quivered)
Armour
 B - a +0 robe (worn)
 C - a +1 cloak (worn)
Jewellery
 W - a ring of wizardry (left hand)
   (You found it on level 3 of the Dungeon)
Scrolls
 m - a scroll of fear
 r - 2 scrolls of remove curse
Comestibles
 f - 4 rations


   Skills:
 + Level 4.7 Fighting
 + Level 1.2 Short Blades
 + Level 2.8 Long Blades
 + Level 1.2 Axes
 + Level 1.2 Maces & Flails
 + Level 1.2 Polearms
 + Level 1.2 Staves
 + Level 1.2 Slings
 + Level 6.6 Bows
 + Level 1.2 Crossbows
 + Level 1.2 Throwing
 + Level 1.2 Armour
 + Level 2.8 Dodging
 + Level 2.6 Stealth
 + Level 2.8 Shields
 + Level 1.2 Unarmed Combat
 + Level 1.2 Spellcasting
 + Level 1.0 Conjurations
 + Level 1.0 Hexes
 + Level 1.0 Charms
 + Level 1.0 Summonings
 + Level 1.0 Necromancy
 + Level 1.0 Translocations
 + Level 1.0 Transmutations
 + Level 1.0 Fire Magic
 + Level 1.0 Ice Magic
 + Level 1.0 Air Magic
 + Level 1.0 Earth Magic
 + Level 1.0 Poison Magic
 + Level 1.4 Invocations
 + Level 2.8 Evocations


You had 6 spell levels left.
You didn't know any spells.

Dungeon Overview and Level Annotations

Branches:
Dungeon (5/15)
 Temple: D:4-7

Altars:


Innate Abilities, Weirdness & Mutations

Your experience applies equally to all skills.
You have very sharp teeth.
Your uncanny sense of smell can sniff out nearby items.


Message History

There is a stone staircase leading down here.
Wield which item (- for none, * to show all)? (? for menu, Esc to quit)
You hear the crackle of electricity.
e - a +1 hand axe of electrocution (weapon)
As you read the scroll labeled BODUNO ULONUVU, it crumbles to dust.
It is a scroll of amnesia.
You feel forgetful for a moment.
You climb downwards.
Found a scroll labeled KYEJOD ABARRUI and a robe.
There is a stone staircase leading up here.
You see here a scroll labeled KYEJOD ABARRUI.
h - a scroll labeled KYEJOD ABARRUI
As you read the scroll labeled KYEJOD ABARRUI, it crumbles to dust.
It is a scroll of enchant armour.
Your +0 cloak glows green for a moment.
Found a stone staircase leading down.
A jackal comes into view.
A worm comes into view.
A jackal comes into view.
An orc and an orc priest come into view.
There is a stone staircase leading down here.
You climb downwards.
A worker ant zombie comes into view.
There is a stone staircase leading up here.
You hit the worm. Lightning courses through the worm!
The worm is almost dead.
The worm barely misses you.
You hit the worm. You bite the worm, but do no damage.
The worm is almost dead.
The worm barely misses you.
You hit the worm.
You kill the worm!
The worker ant zombie bites you but does no damage.
You barely miss the worker ant zombie. The worker ant zombie bites you.
* * * LOW HITPOINT WARNING * * *
The worker ant zombie bites you.
* * * LOW HITPOINT WARNING * * *
You hit the worker ant zombie.
Lightning courses through the worker ant zombie!
The worker ant zombie is severely damaged.
The worker ant zombie barely misses you.
You hit the worker ant zombie.
Lightning courses through the worker ant zombie!
You destroy the worker ant zombie!
Your life force feels restored.
An orc comes into view. It is wielding a dagger.
The orc shouts!
You hear a shout!
Found a potion of curing.
An orc comes into view. It is wielding a club.
Unknown command.
The orc shouts!
You hear a shout! 2 orcs come into view.
You barely miss the orc.
The orc shouts!
You bite the orc, but do no damage. The orc hits you but does no damage.
You barely miss the orc. The orc hits you but does no damage.
The orc throws a tomahawk.
The tomahawk hits you.
* * * LOW HITPOINT WARNING * * *
An orc comes into view. It is wielding a club.
You barely miss the orc. You bite the orc, but do no damage.
The orc barely misses you. The orc closely misses you.
You barely miss the orc. You barely miss the orc.
The orc hits you with a dagger.
* * * LOW HITPOINT WARNING * * *
You hit the orc. Lightning courses through the orc!
You kill the orc!
You hit the orc but do no damage. Lightning courses through the orc!
You kill the orc!
You closely miss the orc. The orc barely misses you.
You closely miss the orc. x2; The orc hits you but does no damage.
The orc barely misses you.
You barely miss the orc. You hit the orc but do no damage.
The orc hits you with a hand axe.
* * * LOW HITPOINT WARNING * * *
You feel better. The orc barely misses you. x2
Unknown command.
You barely miss the orc. x2; You completely miss the orc.
The orc barely misses you. The orc hits you but does no damage.
The orc hits you with a dagger.
* * * LOW HITPOINT WARNING * * *
The orc closely misses you.
You hit the orc.
The orc is heavily wounded.
You hit the orc. Lightning courses through the orc!
You kill the orc!
You have reached level 5!
You hit the orc. The orc hits you with a hand axe.
* * * LOW HITPOINT WARNING * * *
The orc hits you with a club.
* * * LOW HITPOINT WARNING * * *
You slash the orc! Lightning courses through the orc!
You kill the orc!
You closely miss the orc. The orc hits you with a hand axe.
* * * LOW HITPOINT WARNING * * *
You hit the orc.
The orc is severely wounded.
The orc hits you with a hand axe.
* * * LOW HITPOINT WARNING * * *
The orc hits you with a hand axe.
You die...

..#.#
#########.#.#
....#.....#.#
..........#.#
.#.#.#<....# #
.......†#.### ..
..#...#....# .o.
...#..#....#
.... ##
#.....)@#
##.o...
##.##.)o##.!...#
#. #....(o....#
# #...#......#
#...#......#
#...#......#
#..........#
#.##..###.## #.
..# .#


You could see an orc.

Vanquished Creatures
  Crazy Yiuf (D:3)
  A worker ant zombie (D:5)
  4 adders
  A worm (D:5)
  2 leopard geckos (D:3)
  9 orcs
  A bat (D:2)
  A giant cockroach (D:3)
  2 goblins (D:3)
  2 hobgoblins
  2 jackals (D:3)
  5 kobolds
  2 rats
33 creatures vanquished.

Notes
Turn   | Place    | Note
-------+----------+-------------------------------------------
     0 | D:1      | tidbits the Gnoll Wanderer began the quest for the Orb.
     0 | D:1      | tidbits set off with: a +2 shortbow, 25 arrows, a +0 spear, a potion of curing, a +0 robe, a ration
     0 | D:1      | Reached XP level 1. HP: 20/20 MP: 2/2
    85 | D:2      | Reached XP level 2. HP: 26/26 MP: 3/3
   192 | D:3      | Reached XP level 3. HP: 31/31 MP: 4/4
   290 | D:3      | Reached skill level 1 in Invocations
   332 | D:3      | Reached skill level 1 in Short Blades
   332 | D:3      | Reached skill level 1 in Axes
   332 | D:3      | Reached skill level 1 in Maces & Flails
   332 | D:3      | Reached skill level 1 in Polearms
   332 | D:3      | Reached skill level 1 in Staves
   332 | D:3      | Reached skill level 1 in Slings
   332 | D:3      | Reached skill level 1 in Crossbows
   332 | D:3      | Reached skill level 1 in Throwing
   332 | D:3      | Reached skill level 1 in Armour
   332 | D:3      | Reached skill level 1 in Unarmed Combat
   332 | D:3      | Reached skill level 1 in Spellcasting
   332 | D:3      | Reached XP level 4. HP: 26/38 MP: 4/6
   346 | D:3      | Found a runed door.
   351 | D:3      | Noticed Crazy Yiuf
   360 | D:3      | Killed Crazy Yiuf
   484 | D:3      | Reached skill level 1 in Conjurations
   484 | D:3      | Reached skill level 1 in Hexes
   484 | D:3      | Reached skill level 1 in Charms
   484 | D:3      | Reached skill level 1 in Summonings
   484 | D:3      | Reached skill level 1 in Necromancy
   484 | D:3      | Reached skill level 1 in Translocations
   484 | D:3      | Reached skill level 1 in Transmutations
   484 | D:3      | Reached skill level 1 in Fire Magic
   484 | D:3      | Reached skill level 1 in Ice Magic
   484 | D:3      | Reached skill level 1 in Air Magic
   484 | D:3      | Reached skill level 1 in Earth Magic
   484 | D:3      | Reached skill level 1 in Poison Magic
   529 | D:5      | Entered Level 5 of the Dungeon
   559 | D:5      | HP: 3/38 [orc/hand axe (5)]
   562 | D:5      | Reached XP level 5. HP: 15/43 MP: 7/7
   564 | D:5      | HP: 1/43 [orc/hand axe (4)]
   564 | D:5      | Slain by an orc

Skill      XL: |  1  2  3  4 |
---------------+-------------+-----
Invocations    | 1 |  1.4
Short Blades   | 1 |  1.2
Axes           | 1 |  1.2
Maces & Flails | 1 |  1.2
Polearms       | 1 |  1.2
Staves         | 1 |  1.2
Slings         | 1 |  1.2
Crossbows      | 1 |  1.2
Throwing       | 1 |  1.2
Armour         | 1 |  1.2
Unarmed Combat | 1 |  1.2
Spellcasting   | 1 |  1.2
Conjurations   | 1 |  1.0
Hexes          | 1 |  1.0
Charms         | 1 |  1.0
Summonings     | 1 |  1.0
Necromancy     | 1 |  1.0
Translocations | 1 |  1.0
Transmutations | 1 |  1.0
Fire Magic     | 1 |  1.0
Ice Magic      | 1 |  1.0
Air Magic      | 1 |  1.0
Earth Magic    | 1 |  1.0
Poison Magic   | 1 |  1.0
Fighting       | |  4.7
Long Blades    | |  2.8
Bows           | |  6.6
Dodging        | |  2.8
Stealth        | |  2.6
Shields        | |  2.8
Evocations     | |  2.8

Action                   |  1- 3 |  4- 6 || total
-------------------------+-------+-------++-------
Melee: Short sword       |    22 |    14 ||    36
       Whip              |     1 |       ||     1
       Bite              |     1 |     5 ||     6
       Hand axe          |       |    19 ||    19
 Fire: Shortbow          |    31 |     5 ||    36
  Use: Scroll            |       |     4 ||     4
       Potion            |       |     2 ||     2
 Stab: Sleeping          |     2 |       ||     2
  Eat: Ration            |     1 |     1 ||     2
Armor: Robe              |     4 |     3 ||     7
Dodge: Dodged            |    16 |    17 ||    33

Table legend:
 A = Turns spent in this place as a percentage of turns spent in the entire game.
 B = Non-inter-level travel turns spent in this place as a percentage of non-inter-level travel turns spent in the entire game.
 C = Inter-level travel turns spent in this place as a percentage of turns spent in this place.
 D = Turns resting spent in this place as a percentage of non-inter-level travel turns spent in this place.
 E = Turns spent auto-exploring this place as a percentage of non-inter-level travel turns spent in this place.
 F = Non-inter-level travel turns spent in this place divided by the number of levels of this place that you've seen.
                   A       B       C       D       E      F
               +-------+-------+-------+-------+-------+----------------------
         Total | 100.0 | 100.0 |   0.0 |   0.0 |   0.0 | 112.8
       Dungeon | 100.0 | 100.0 |   0.0 |   0.0 |   0.0 | 112.8
               +-------+-------+-------+-------+-------+----------------------

Table legend:
 A = Kills in this place as a percentage of kills in entire the game.
 B = Kills by you in this place as a percentage of kills by you in the entire game.
 C = Kills by friends in this place as a percentage of kills by friends in the entire game.
 D = Other kills in this place as a percentage of other kills in the entire game.
 E = Experience gained in this place as a percentage of experience gained in the entire game.
 F = Experience gained in this place divided by the number of levels of this place that you have seen.
                   A       B       C       D       E      F
               +-------+-------+-------+-------+-------+----------------------
         Total | 100.0 | 100.0 |   N/A |   N/A | 100.0 |  33.8
       Dungeon | 100.0 | 100.0 |   N/A |   N/A | 100.0 |  33.8
               +-------+-------+-------+-------+-------+----------------------

Vault maps used:
D:1:      kennysheep_arrival_forest, kennysheep_flooded_box, st_stairs_11
D:2:      first_ration
D:3:      uniq_crazy_yiuf_cottage
D:4:      minmay_temple_entry_hall, lemuel_tele_altar
